 Dungeon Crawl Stone Soup version 0.25-a0-96-g4073cf8 (webtiles) character file.

Game seed: 10485249208603689489, levelgen mode: deterministic

132 silenth the Gusty (level 5, -3/28 HPs)
             Began as a Tengu Air Elementalist on Nov 11, 2019.
             Slain by a centaur (6 damage)
             ... on level 4 of the Dungeon.
             The game lasted 00:04:21 (3921 turns).

silenth the Gusty (Tengu Air Elementalist)          Turns: 3921, Time: 00:04:22

Health: -3/28      AC:  5    Str:  9    XL:     5   Next: 15%
Magic:  5/10       EV: 12    Int: 16    God:
Gold:   107        SH:  0    Dex: 14    Spells: 2/10 levels left

rFire    . . .     SeeInvis .   g - +0 dagger (venom)
rCold    + . .     Gourm    .   (no shield)
rNeg     . . .     Faith    .   a - +0 robe
rPois    .         Spirit   .   (helmet restricted)
rElec    .         Reflect  .   l - +1 cloak
rCorr    .         Harm     .   m - +0 pair of gloves
MR       .....                  (boots unavailable)
Stlth    ++........             (no amulet)
HPRegen  0.09/turn              d - ring of protection from cold
MPRegen  0.12/turn              (no ring)

@: no status effects
A: beak, talons 3, able to fly
a: Fly


You were on level 4 of the Dungeon.
You were not hungry.

You visited 1 branch of the dungeon, and saw 4 of its levels.

You collected 107 gold pieces.

Inventory:

Hand Weapons
 b - a +1 dagger
 g - a +0 dagger of venom (weapon)
Missiles
 q - 2 throwing nets (quivered)
Armour
 a - a +0 robe (worn)
 l - a +1 cloak (worn)
 m - a +0 pair of gloves (worn)
Jewellery
 d - a ring of protection from cold (left hand)
Scrolls
 k - a scroll of fear
 o - a scroll of amnesia
Potions
 c - a potion of ambrosia {unknown}
 f - a potion of brilliance {unknown}
 h - 2 potions of berserk rage {unknown}
 i - a potion of degeneration {unknown}
 j - a potion of agility {unknown}
 n - a potion of mutation
 p - a potion of resistance
 r - a potion of flight {unknown}
Comestibles
 e - a ration


   Skills:
 + Level 0.8 Fighting
 - Level 2.1 Dodging
 - Level 2.0 Stealth
 + Level 3.1 Spellcasting
 + Level 3.6 Conjurations
 + Level 5.4 Air Magic


You had 2 spell levels left.
You knew the following spells:

 Your Spells              Type           Power        Failure   Level  Hunger
a - Shock                 Conj/Air       ###.         3%          1    #......
b - Static Discharge      Conj/Air       ###.....     9%          3    ###....
c - Airstrike             Air            ###.......   21%         4    #####..

Your spell library contained the following spells:

 Spells                   Type           Power        Failure   Level  Hunger
 Swiftness                Chrm/Air       ##......     10%         2    ##.....
 Lightning Bolt           Conj/Air       ###.......   63%         5    ######.


Dungeon Overview and Level Annotations

Branches:
Dungeon (4/15)
 Temple: D:4-7

Altars:
Fedhas


Innate Abilities, Weirdness & Mutations

You have a beak for a mouth.
You have claws for feet.
You can fly continuously.


Message History

You see here 3 arrows.
The centaur unwields a +0 shortbow.
The centaur misses you.
Casting: Shock (safe; 3% risk of failure)
Confirm with . or Enter, or press ? or * to list all spells.
Aiming: Airstrike (slightly dangerous; 21% risk of failure)
Press: ? - help, Dir - move target cursor, f - centaur
Aim: a centaur The air twists around and strikes the centaur!
The centaur is heavily wounded.
The centaur misses you. The centaur hits you!
* * * LOW HITPOINT WARNING * * *
Casting: Airstrike (slightly dangerous; 21% risk of failure)
Confirm with . or Enter, or press ? or * to list all spells.
Aiming: Shock (safe; 3% risk of failure)
Press: ? - help, Shift-Dir - straight line, f/p - centaur
Aim: a centaur (heavily wounded)
The zap hits the centaur.
The centaur is severely wounded.
The centaur hits you.
You die...

#..#.#### ###..#.#..
....#.#.### # ##
######.#....#.#.#... #.
....................
#.#######...###...........
.........................)
#.....#...<.......#.....
#.....#(@..##$..#c# ....
+....((..c.##...#.# ...
#.....###..##...#.# ..
#.....# #..##...#.# #
#.....# #..##./....
#.....# #......... ###...#
#.###c..### #..<# #.#
#...# ##### #.#


You could see a centaur.

Vanquished Creatures
  4 gnolls (D:3)
  An adder (D:3)
  An ooze (D:2)
  A worm (D:2)
  4 leopard geckos
  6 orcs (D:3)
  2 bats (D:3)
  7 giant cockroaches
  5 goblins
  5 hobgoblins
  3 jackals (D:1)
  2 quokkas (D:2)
  2 ball pythons (D:3)
  4 frilled lizards
  A giant cockroach zombie (D:1)
  10 kobolds
  A quokka zombie (D:1)
  7 rats
66 creatures vanquished.

Notes
Turn   | Place    | Note
-------+----------+-------------------------------------------
     0 | D:1      | silenth the Tengu Air Elementalist began the quest for the
                  | Orb.
     0 | D:1      | Reached XP level 1. HP: 10/10 MP: 4/4
   344 | D:1      | Reached XP level 2. HP: 10/15 MP: 0/6
   433 | D:1      | Reached skill level 2 in Conjurations
  1367 | D:2      | Reached XP level 3. HP: 19/19 MP: 3/7
  1779 | D:2      | Found a blossoming altar of Fedhas.
  1933 | D:2      | Learned a level 3 spell: Static Discharge
  2437 | D:3      | Reached skill level 3 in Conjurations
  2512 | D:3      | Reached XP level 4. HP: 23/24 MP: 9/9
  2627 | D:3      | Reached skill level 5 in Air Magic
  3057 | D:2      | Learned a level 4 spell: Airstrike
  3308 | D:3      | Reached skill level 3 in Spellcasting
  3419 | D:3      | Gained mutation: You can fly continuously. [Tengu growth]
  3419 | D:3      | Reached XP level 5. HP: 28/28 MP: 4/10
  3784 | D:4      | Noticed a centaur
  3921 | D:4      | Slain by a centaur

Levels and vault maps discovered:
D:1:      saegor_arrival_fortress, layout_basic
D:2:      layout_basic, lemuel_crystal_altar, first_ration
D:3:      layout_basic, grunt_decor_resistance, small_statue_intersection,
          st_stairs_12
D:4:      layout_basic

Skill      XL: |  1  2  3  4 |
---------------+-------------+-----
Conjurations   | 2 3 |  3.6
Air Magic      | 5 |  5.4
Spellcasting   | 3 |  3.1
Fighting       | |  0.8
Dodging        | |  2.1
Stealth        | |  2.0

Action                   |  1- 3 |  4- 6 || total
-------------------------+-------+-------++-------
Melee: Dagger            |    37 |    16 ||    53
       Kick              |    10 |     5 ||    15
       Unarmed           |     1 |       ||     1
       Peck              |     3 |     4 ||     7
 Cast: Shock             |    84 |    62 ||   146
       Airstrike         |       |     1 ||     1
  Use: Scroll            |     9 |     2 ||    11
  Eat: Chunk             |     1 |     2 ||     3
       Ration            |     2 |     1 ||     3
Armor: Robe              |    15 |     7 ||    22
Dodge: Dodged            |    36 |    34 ||    70

Table legend:
 A = Non-vault XP
 B = Vault XP
 C = Vault XP percentage of total XP
 D = Non-vault monster count
 E = Vault monster count
 F = Vault count percentage of total count
                 A         B        C        D         E       F
            +---------+---------+-------+---------+---------+-------
      Total |     185 |       4 |   2.1 |      63 |       3 |   4.5
            +---------+---------+-------+---------+---------+-------
        D:1 |      28 |       2 |   6.7 |      17 |       2 |  10.5
        D:2 |      37 |       0 |   0.0 |      17 |       0 |   0.0
        D:3 |     120 |       2 |   1.6 |      29 |       1 |   3.3
            +---------+---------+-------+---------+---------+-------
